 Dungeon Crawl Stone Soup version 0.24-a0-535-gbb0d440638 (webtiles) character file.

Game seed: 10383060194821307559

9799 BinkBink the Cleaver (level 11, -1/100 HPs)
             Began as a Deep Dwarf Berserker on Aug 10, 2019.
             Was an Elder of Trog.
             Slain by a frost giant
             ... wielding a +0 battleaxe of freezing
              (6 damage)
             ... on level 11 of the Dungeon.
             The game lasted 00:22:21 (7378 turns).

BinkBink the Cleaver (Deep Dwarf Berserker)         Turns: 7378, Time: 00:22:25

Health: -1/100     AC: 15    Str: 25    XL:     11   Next: 27%
Magic:  21/21 (3)  EV:  9    Int:  7    God:    Trog [****..]
Gold:   299        SH:  0    Dex: 16    Spells: 10/10 levels left

rFire    . . .     SeeInvis +   K - +2 halberd "Ejide" {chop, Fragile Dex+4}
rCold    . . .     Gourm    .   (shield currently unavailable)
rNeg     . . .     Faith    .   d - +0 plate armour
rPois    .         Spirit   .   (no helmet)
rElec    .         Reflect  .   (no cloak)
rCorr    +         Harm     .   x - +0 pair of gloves "Gunas" {rCorr Slay+3 SInv Stlth-}
MR       +....                  (no boots)
Stlth    ..........             (no amulet)
HPRegen  0.00/turn              p - ring of magical power
MPRegen  0.17/turn              n - ring of magical power

@: non-regenerating
A: damage resistance, heal wounds, sense surroundings 2, no regeneration
a: Heal Wounds, Berserk, Trog's Hand, Brothers in Arms, Renounce Religion


You were on level 11 of the Dungeon.
You worshipped Trog.
Trog was greatly pleased with you.
You were hungry.

You visited 1 branch of the dungeon, and saw 10 of its levels.
You also visited: Sewer.

You collected 488 gold pieces.
You spent 189 gold pieces at shops.

Inventory:

Hand Weapons
 a - a +0 falchion
 u - a +0 vampiric trident
 v - the +4 broad axe of Embarrassment {chop, +Inv rPois MR+}
   (You bought it in a shop on level 5 of the Dungeon)

   It inflicts extra damage upon your enemies.
   It protects you from poison.
   It affects your resistance to hostile enchantments.
   It lets you turn invisible.
 K - the +2 halberd "Ejide" (weapon) {chop, Fragile Dex+4}
   (You found it on level 11 of the Dungeon)

   It inflicts extra damage upon your enemies.
   It affects your dexterity (+4).
   It will be destroyed if unequipped.
 M - a +2 morningstar of draining
Armour
 d - a +0 plate armour (worn)
 x - the +0 pair of gloves "Gunas" (worn) {rCorr Slay+3 SInv Stlth-}
   (You acquired it on level 6 of the Dungeon)

   It affects your accuracy and damage with ranged weapons and melee attacks
   (+3).
   It lets you see invisible.
   It provides partial protection from all sources of acid and corrosion.
   It makes you less stealthy.
Jewellery
 g - an uncursed ring of teleportation
 n - a ring of magical power (right hand)
 p - a ring of magical power (left hand)
Wands
 r - a wand of polymorph (12)
 t - a wand of flame (8)
 y - a wand of enslavement (9)
Scrolls
 b - 7 scrolls of identify
 f - a scroll of enchant weapon
 i - 3 scrolls of fog
 l - 5 scrolls of remove curse
 m - a scroll of amnesia
 o - 2 scrolls of blinking
 s - 3 scrolls of teleportation
 A - a scroll of magic mapping
 B - a scroll of fear {unknown}
 C - a scroll of brand weapon {unknown}
 E - a scroll of enchant armour {unknown}
 F - a scroll of random uselessness {unknown}
 H - a scroll of silence {unknown}
Potions
 e - 5 potions of curing
 h - a potion of resistance {unknown}
 j - a potion of might {unknown}
 k - a potion of invisibility {unknown}
 q - a potion of flight {unknown}
 w - a potion of lignification {unknown}
 z - 2 potions of degeneration {unknown}
 D - a potion of agility {unknown}
 G - a potion of brilliance {unknown}
Miscellaneous
 J - a lightning rod (4/4)
Comestibles
 c - 16 rations


   Skills:
 + Level 7.5 Fighting
 + Level 8.8 Long Blades
 + Level 11.2 Axes
 + Level 0.2(6.5) Maces & Flails
 + Level 9.6 Armour
 + Level 3.7 Dodging
 + Level 0.8 Stealth


You had 10 spell levels left.
You didn't know any spells.
Your spell library contained the following spells:

 Spells                   Type           Power        Failure   Level  Hunger
 Magic Dart               Conj           #...         99%         1    ##.....
 Blink                    Tloc           N/A          100%        2    ###....
 Call Imp                 Summ           #.......     100%        2    ###....
 Slow                     Hex            #.......     100%        2    ###....
 Conjure Flame            Conj/Fire      #.......     100%        3    ####...
 Mephitic Cloud           Conj/Pois/Air  #.......     100%        3    ####...
 Ice Form                 Ice/Tmut       #.......     100%        4    #####..
 Metabolic Englaciation   Hex/Ice        #.........   100%        5    ######.
 Bolt of Cold             Conj/Ice       #.........   100%        6    #######
 Freezing Cloud           Conj/Ice/Air   #.........   100%        6    #######
 Ozocubu's Refrigeration  Ice            #.........   100%        6    #######
 Simulacrum               Ice/Necr       #.........   100%        6    #######


Dungeon Overview and Level Annotations

Branches:
Dungeon (11/15)            Temple (0/1) D:5            Lair (0/6) D:9
    Orc (0/2) D:10

Altars:
Ashenzari
Elyvilon
Fedhas
Kikubaaqudgha
Nemelex Xobeh
Qazlal
Ru

Shops:
D:5 (


Innate Abilities, Weirdness & Mutations

You are resistant to damage.
You can heal yourself by infusing magical energy.
You passively map the area around you.
You do not regenerate.


Message History

You feel much better.
The frost giant hits you with a +0 battleaxe of freezing!
The frost giant freezes you.
You hit the frost giant but do no damage.
The frost giant is moderately wounded.
The frost giant barely misses you.
Your magical essence is drained by the effort!
You feel much better.
The frost giant hits you with a +0 battleaxe of freezing!
The frost giant freezes you.
You hit the frost giant but do no damage.
The frost giant is moderately wounded.
You puncture the frost giant!
The frost giant is heavily wounded.
The frost giant points at you and mumbles some strange words.
The bolt of cold hits you!!!
The frost giant hits you with a +0 battleaxe of freezing!!
* * * LOW HITPOINT WARNING * * *
The frost giant freezes you!
You die...

.###..####........#...##........#
,#..###.........## ,###........#
, #.^.##.....#÷.## #.........
##..#.".⌠.##### #.........
,#...##.....#.. , ##......... ,
#..###......... #......k..H
.###..####......##* #...$..l...
..#...#################..........
..#....#.....#..@CF..............
. ##......#.....##z##............
##....###....#*%##............
###### ###### ####...†<.....G *
.... ...# , #..#....##... ......
....# #. #.........
###..#..,..#... ,,. #.......#.
#################* ##......#.
#####zKz((.....#* .....#+#*


You could see a frost giant, a bullfrog and a wight.

Vanquished Creatures
  2 two-headed ogres
  A deep troll earth mage (D:11)
  Pikel (D:6)
  Grinder (D:5)
  A hornet (D:10)
  A hippogriff (D:10)
  A spriggan (D:9)
  Sigmund (D:5)
  7 yaks
  A wyvern (D:10)
  2 basilisks (D:9)
  A steam dragon (D:11)
  A hungry ghost (D:11)
  6 orc warriors
  4 porcupines (D:9)
  An ice beast (shapeshifter) (D:11)
  A sky beast (D:6)
  3 phantoms
  3 ogres
  2 crocodiles (D:9)
  2 centaurs
  A centaur (shapeshifter) (D:11)
  Blork the orc (D:6)
  2 big kobolds (D:10)
  A wyvern zombie (D:9)
  5 bullfrogs
  A water moccasin zombie (D:9)
  4 scorpions
  A wyvern skeleton (D:7)
  6 killer bees (D:6)
  4 wights (D:10)
  2 crimson imps
  A bullfrog zombie (D:11)
  2 centaur skeletons (D:10)
  3 hounds
  6 orc priests
  6 iguanas
  4 jellies
  6 orc wizards
  Ijyb (D:5)
  3 worker ants
  3 gnolls (D:3)
  17 adders
  3 shadow imps
  10 oozes (Sewer)
  An adder skeleton (D:5)
  2 worms (D:3)
  21 leopard geckos
  39 orcs
  14 giant cockroaches
  7 goblins
  9 hobgoblins
  10 jackals
  16 kobolds
  13 ball pythons
  A ball python skeleton (D:6)
  4 bats
  14 frilled lizards
  A leopard gecko skeleton (D:5)
  A quokka zombie (D:5)
  7 rats
296 creatures vanquished.

Vanquished Creatures (others)
  A centaur (D:6)
  3 orcs (D:6)
  2 fungi (D:9)
6 creatures vanquished.

Grand Total: 302 creatures vanquished

Notes
Turn   | Place    | Note
-------+----------+-------------------------------------------
     0 | D:1      | BinkBink the Deep Dwarf Berserker began the quest for the
                  | Orb.
     0 | D:1      | Reached XP level 1. HP: 20/20 MP: 1/1
   257 | D:1      | Reached XP level 2. HP: 25/27 MP: 2/2
   846 | D:2      | Reached XP level 3. HP: 22/34 MP: 3/3
   992 | D:2      | Reached ** piety under Trog
  1404 | D:2      | Reached XP level 4. HP: 27/42 MP: 3/3
  1770 | D:3      | Reached XP level 5. HP: 36/49 MP: 4/4
  2255 | D:4      | Found a glowing drain.
  2292 | D:4      | Found a shattered altar of Ashenzari.
  2348 | D:4      | Reached skill level 5 in Long Blades
  2348 | D:4      | Reached XP level 6. HP: 32/57 MP: 4/4
  2397 | Sewer    | Entered a sewer
  2523 | Sewer    | Reached *** piety under Trog
  2753 | Sewer    | Reached XP level 7. HP: 42/63 MP: 5/5
  3098 | D:4      | Reached skill level 5 in Armour
  3323 | D:4      | Reached **** piety under Trog
  3469 | D:4      | Reached XP level 8. HP: 44/73 MP: 6/6
  4003 | D:5      | Entered Level 5 of the Dungeon
  4074 | D:5      | Noticed Grinder
  4079 | D:5      | Paralysed by Grinder for 6 turns
  4108 | D:5      | Killed Grinder
  4121 | D:5      | Found a staircase to the Ecumenical Temple.
  4349 | D:5      | Noticed Ijyb
  4370 | D:5      | Killed Ijyb
  4444 | D:5      | Noticed Sigmund
  4496 | D:5      | Killed Sigmund
  4496 | D:5      | Reached skill level 5 in Fighting
  4630 | D:5      | Found a sparkling altar of Nemelex Xobeh.
  4638 | D:5      | Found Finuq's Antique Weapon Shop.
  4646 | D:5      | Bought a pitted broad axe for 189 gold pieces
  4646 | D:5      | Identified the +4 broad axe of Embarrassment {chop, +Inv
                  | rPois MR+} (You bought it in a shop on level 5 of the
                  | Dungeon)
  4855 | D:6      | Noticed Pikel
  4883 | D:6      | Killed Pikel
  4883 | D:6      | Reached skill level 1 in Axes
  4883 | D:6      | Gained mutation: You passively map the area around you.
                  | [Deep Dwarf growth]
  4883 | D:6      | Reached XP level 9. HP: 61/81 MP: 7/7
  4980 | D:6      | Noticed Blork the orc
  4988 | D:6      | Reached skill level 2 in Axes
  5009 | D:6      | Killed Blork the orc
  5010 | D:6      | Reached skill level 3 in Axes
  5085 | D:6      | Reached skill level 4 in Axes
  5194 | D:6      | Reached skill level 5 in Axes
  5698 | D:6      | Identified a scroll of acquirement
  5699 | D:6      | Got a pair of spiked gloves
  5705 | D:6      | Identified the +0 pair of gloves "Gunas" {rCorr Slay+3 SInv
                  | Stlth-} (You acquired it on level 6 of the Dungeon)
  5761 | D:7      | Reached skill level 6 in Axes
  5903 | D:7      | You fall into a shaft and drop 2 floors!
  5903 | D:9      | Found a staircase to the Lair.
  5916 | D:9      | Reached XP level 10. HP: 61/91 MP: 7/7
  5923 | D:9      | Reached skill level 7 in Axes
  5961 | D:9      | Reached skill level 8 in Axes
  6007 | D:9      | Found a white marble altar of Elyvilon.
  6010 | D:9      | Found an ancient bone altar of Kikubaaqudgha.
  6010 | D:9      | Found a blossoming altar of Fedhas.
  6276 | D:9      | Noticed a two-headed ogre
  6287 | D:9      | Killed a two-headed ogre
  6287 | D:9      | Reached skill level 9 in Axes
  6482 | D:9      | Found a sacrificial altar of Ru.
  6520 | D:10     | Entered Level 10 of the Dungeon
  6578 | D:10     | Reached skill level 10 in Axes
  6598 | D:10     | Reached ***** piety under Trog
  6690 | D:10     | Found a stormy altar of Qazlal.
  6784 | D:10     | Found a staircase to the Orcish Mines.
  6862 | D:10     | Noticed a two-headed ogre
  6864 | D:10     | Received a gift from Trog
  6864 | D:10     | Reached XP level 11. HP: 87/100 MP: 6/6
  6870 | D:10     | Killed a two-headed ogre
  7125 | D:11     | Reached skill level 11 in Axes
  7129 | D:11     | Noticed an unseen horror
  7132 | D:11     | Noticed an unseen horror
  7169 | D:11     | Noticed a deep troll earth mage
  7173 | D:11     | Killed a deep troll earth mage
  7188 | D:11     | Got an iridescent halberd
  7200 | D:11     | Identified the +2 halberd "Ejide" {chop, Fragile Dex+4}
                  | (You found it on level 11 of the Dungeon)
  7359 | D:11     | Noticed a frost giant
  7378 | D:11     | HP: 5/100 [frost giant/+0 battleaxe of freezing (26)]
  7378 | D:11     | Slain by a frost giant

Levels and vault maps discovered:
D:1:      minmay_arrival_hallway, layout_basic
D:2:      layout_basic
D:3:      layout_basic, serial_forest, infiniplex_forest_clump_small,
          infiniplex_forest_straight_3, infiniplex_forest_lined_2,
          infiniplex_forest_lined_room_2
D:4:      layout_layer_cave, evilmike_ruin_ashenzari, gup_sewer_entry_glass
D:5:      layout_loops_ring, minmay_temple_entry_mist, first_ration,
          serial_shops, shop, nemelex_xobeh_ov_fountains_minmay, uniq_grinder,
          uniq_sigmund, uniq_ijyb
D:6:      layout_gridville, uniq_blork_the_orc, uniq_pikel
D:7:      layout_loops_ring, kennysheep_little_box
D:9:      layout_loops_cross, grunt_temple_overflow_open,
          minmay_lair_entry_grove, the_bakery, nicolae_ru_the_path_less_chosen
D:10:     layout_gridville, orc_0_dummy, basic_altar
D:11:     minmay_tile_spiral, layout_basic

Skill      XL: |  1  2  3  4  5  6  7  8  9 10 11 |
---------------+----------------------------------+-----
Fighting       | 3 4 5 6 7 |  7.5
Long Blades    | 4 5 6 7 8 |  8.8
Dodging        | 3 |  3.7
Armour         | 3 4 5 7 8 9 |  9.6
Axes           | 1 6 10 11 | 11.2
Maces & Flails | |  0.2
Stealth        | |  0.8

Action                   |  1- 3 |  4- 6 |  7- 9 | 10-12 || total
-------------------------+-------+-------+-------+-------++-------
Melee: Falchion          |    80 |   440 |   335 |       ||   855
       Mace              |    47 |       |       |       ||    47
       Broad axe         |       |       |   163 |   183 ||   346
       Halberd           |       |       |       |    18 ||    18
Invok: Trog's Hand       |       |     9 |    14 |     7 ||    30
 Abil: Heal Wounds       |     1 |     1 |    14 |    16 ||    32
  Use: Scroll            |     4 |     2 |     4 |     1 ||    11
  Eat: Chunk             |     1 |     6 |    14 |     6 ||    27
       Ration            |       |     1 |     1 |     1 ||     3
Armor: Animal skin       |    15 |       |       |       ||    15
       Plate armour      |    22 |   420 |   341 |   129 ||   912
       Scale mail        |     9 |       |       |       ||     9
Dodge: Dodged            |   102 |   284 |   281 |   116 ||   783
       Rpst.: Falchion   |    19 |    90 |    36 |       ||   145

Table legend:
 A = Non-vault XP
 B = Vault XP
 C = Vault XP percentage of total XP
 D = Non-vault monster count
 E = Vault monster count
 F = Vault count percentage of total count
                 A         B        C        D         E       F
            +---------+---------+-------+---------+---------+-------
      Total |    9006 |    4993 |  35.7 |     214 |      83 |  27.9
            +---------+---------+-------+---------+---------+-------
        D:1 |      32 |       0 |   0.0 |      19 |       0 |   0.0
        D:2 |      77 |       0 |   0.0 |      19 |       0 |   0.0
        D:3 |     142 |       0 |   0.0 |      29 |       0 |   0.0
        D:4 |     839 |      16 |   1.9 |      26 |       2 |   7.1
        D:5 |     506 |     546 |  51.9 |      14 |       3 |  17.6
        D:6 |    1413 |     707 |  33.3 |      41 |       2 |   4.7
        D:7 |     530 |       0 |   0.0 |      14 |       0 |   0.0
        D:9 |    1327 |    2255 |  63.0 |       8 |      14 |  63.6
       D:10 |    3558 |       0 |   0.0 |      35 |       0 |   0.0
       D:11 |     582 |    1085 |  65.1 |       9 |       3 |  25.0
      Sewer |       0 |     384 | 100.0 |       0 |      59 | 100.0
            +---------+---------+-------+---------+---------+-------
